 Dungeon Crawl Stone Soup version 0.31-a0-654-gbe3e110b4e (webtiles) character file.

Game seed: 18160262557671917832

911 Darkkill the Shooter (level 7, -5/62 HPs)
             Began as a Minotaur Hunter on Aug 29, 2023.
             Was a Follower of Nemelex Xobeh.
             Slain by a gnoll bouda
             ... wielding a +0 whip
              (7 damage)
             ... on level 5 of the Dungeon.
             The game lasted 00:09:25 (4204 turns).

Darkkill the Shooter (Minotaur Hunter)              Turns: 4204, Time: 00:09:26

Health: -5/62      AC:  9    Str: 16    XL:     7   Next: 82%
Magic:  6/6        EV: 14    Int:  6    God:    Nemelex Xobeh [*.....]
Gold:   173        SH:  0    Dex: 15    Spells: 6/6 levels left

rFire   . . .        b - +1 falchion of Hepliaklqana, Smoking {vamp, rN+}
rCold   . . .        (no shield)
rNeg    + . .        c - +0 leather armour
rPois   +            (helmet restricted)
rElec   .            (no cloak)
rCorr   .            u - +1 pair of gloves
SInv    .            (no boots)
Will    .....        (no amulet)
Stlth   ++           d - ring of poison resistance
HPRegen 0.30/turn    k - +4 ring of protection
MPRegen 0.10/turn

%: no passive effects
@: weakened
A: horns 2, retaliatory headbutt
a: Renounce Religion, Draw Escape, Draw Destruction, Draw Summoning


You were on level 5 of the Dungeon.
You worshipped Nemelex Xobeh.
Nemelex Xobeh was aware of your devotion.
You visited 1 branch of the dungeon, and saw 6 of its levels.

You collected 173 gold pieces.

Inventory:

Hand Weapons
 a - a +0 shortbow
 b - the +1 falchion of Hepliaklqana, Smoking (weapon) {vamp, rN+}
   (You found it on level 5 of the Dungeon)

   rN+:       It protects you from negative energy.
 e - a +0 scythe
Missiles
 i - 29 stones
 r - 8 boomerangs
Armour
 c - a +0 leather armour (worn)
 u - a +1 pair of gloves (worn)
Jewellery
 d - a ring of poison resistance (left hand)
 k - a +4 ring of protection (right hand)
Wands
 j - a wand of iceblast (8)
Scrolls
 f - a scroll of teleportation
 v - a scroll of vulnerability
Potions
 g - a potion of might
 h - a potion of attraction
 m - 2 potions of mutation
 n - a potion of degeneration


   Skills:
 + Level 5.8 Fighting
 + Level 6.5 Ranged Weapons
 + Level 5.3 Dodging
 + Level 3.9 Stealth


You had 6 spell levels left.
You didn't know any spells.
Your spell library contained the following spells:

 Spells                   Type           Power      Damage    Failure   Level
 Sandblast                Erth           0%         2d4       52%         1
 Passwall                 Tmut/Erth      0%         N/A       67%         2
 Stone Arrow              Conj/Erth      0%         3d7       88%         3


Dungeon Overview and Level Annotations

Branches:
Dungeon (6/15)             Temple (0/1) D:5

Altars:
Cheibriados
Nemelex Xobeh
Xom

Shops:
D:5 (*

Annotations:
D:2 1 runed translucent door, Crazy Yiuf


Innate Abilities, Weirdness & Mutations

You have a pair of horns on your head.
You reflexively headbutt those who attack you in melee.


Message History

The orc shouts!
The arrow hits the orc warrior.
The orc warrior is lightly wounded.
You hear a shout! x2
There are monsters nearby!
You shoot an arrow.
The arrow closely misses the orc warrior.
There are monsters nearby!
You shoot an arrow.
The arrow hits the orc warrior but does no damage.
The orc warrior is lightly wounded.
You climb upwards.
There is a stone staircase leading down here.
You see here the +2 short sword of Unpleasantness {flame, Str+7 Dex+2}.
Done exploring.
No target in view!
There is a stone staircase leading down here.
You climb downwards.
The gnoll hits you with a +0 flail.
Found Great Wizards, Vol.
VII.
There is a stone staircase leading up, spattered with blood here.
You shoot an arrow. The gnoll shouts!
The arrow hits the gnoll!
The gnoll is severely wounded.
The orc closely misses you. The gnoll hits you with a +0 flail.
The gnoll bouda barks out a call to the hunt!
The gnolls pick up the pace!
There are monsters nearby!
There are monsters nearby!
You shoot an arrow. The arrow hits the gnoll.
You kill the gnoll!
The orc hits you with a +0 flail!
The gnoll bouda gazes fiercely through you!
You feel your attacks grow feeble. The gnoll closely misses you.
You shoot an arrow. The arrow hits the gnoll.
The gnoll is lightly wounded.
The orc hits you with a +0 flail. The gnoll closely misses you.
The gnoll bouda barely misses you.
There are monsters nearby!
You are too injured to fight recklessly!
You are too injured to fight recklessly!
You are too injured to fight recklessly!
The gnoll closely misses you. You furiously retaliate!
You headbutt the gnoll. The orc warrior closely misses you.
You furiously retaliate!
You headbutt the orc warrior.
The gnoll bouda gazes fiercely through you!
You feel as though you will be weak longer.
The gnoll bouda barely misses you. The gnoll hits you with a +0 club.
You climb upwards.
There is a stone staircase leading down here.
You shoot an arrow. The arrow hits the gnoll!
The gnoll is almost dead.
The gnoll barely misses you. You furiously retaliate!
You headbutt the gnoll. The orc warrior closely misses you.
The gnoll hits you with a +0 club. The gnoll bouda barely misses you.
You shoot an arrow. The arrow hits the gnoll.
You kill the gnoll!
The gnoll hits you with a +0 whip! The orc warrior barely misses you.
The gnoll bouda misses you.
You shoot an arrow.
The arrow barely misses the gnoll bouda.
The gnoll hits you with a +0 whip. The orc warrior misses you.
The gnoll bouda barely misses you. The gnoll hits you but does no damage.
The orc warrior hits you but does no damage.
The gnoll bouda closely misses you.
You see here a +0 club.
You shoot an arrow.
The arrow hits the orc warrior but does no damage.
The orc warrior is lightly wounded.
The orc warrior barely misses you.
The gnoll bouda hits you with a +0 whip.
The gnoll closely misses you.
You feel a sense of dread.
b - the +1 falchion of Hepliaklqana, Smoking (weapon)
{vamp, rN+} The orc warrior barely misses you.
The gnoll bouda hits you with a +0 whip.
* * * LOW HITPOINT WARNING * * *
The gnoll hits you with a +0 whip.
* * * LOW HITPOINT WARNING * * *
You slash the gnoll!
You kill the gnoll!
The orc warrior hits you with a +0 war axe!
* * * LOW HITPOINT WARNING * * *
The gnoll bouda closely misses you.
You closely miss the orc warrior.
The orc warrior is lightly wounded.
The orc warrior barely misses you. You furiously retaliate!
You headbutt the orc warrior.
The gnoll bouda gazes fiercely through you!
You feel as though you will be weak longer.
The gnoll bouda hits you with a +0 whip.
* * * LOW HITPOINT WARNING * * *
You hit the orc warrior.
The orc warrior is moderately wounded.
The orc warrior closely misses you. You furiously retaliate!
You headbutt the orc warrior.
The gnoll bouda hits you with a +0 whip!
You die...
Your body glows slightly and disappears.

########## #######........#
##........###...#
#..##...#..##...#
#.#..#.#....#...# #######
#.#....#..#.#...# #......
##..#....##....o@# ###......
.......>.....#.g># ####........
##..##....#..#...#####...##...>..
##.#..#....#.##.....#...#..######
#.....#.#..#.........###...#
.....#...##...........∩....##
<...........#.###....###....#####
.####.####....# ##..#####........
....#.## ###### ###...#####.....


You could see an orc warrior and a gnoll bouda.

Vanquished Creatures
  Sigmund (D:2)
  An ice beast (D:4)
  4 scorpions
  An orc priest (D:4)
  2 hounds (D:5)
  A jelly (D:5)
  Ijyb (D:3)
  Natasha (twice) (D:2)
  An iguana (D:5)
  Robin (D:3)
  6 adders
  3 gnolls
  2 worms
  12 orcs
  5 endoplasms
  2 giant cockroaches
  14 goblins
  10 hobgoblins
  4 kobolds
  3 quokkas
  6 ball pythons
  6 bats
  2 frilled lizards (D:1)
  8 rats
98 creatures vanquished.

Notes
Turn   | Place    | Note
-------+----------+-------------------------------------------
     0 | D:1      | Darkkill the Minotaur Hunter began the quest for the Orb.
     0 | D:1      | Reached XP level 1. HP: 18/18 MP: 0/0
   283 | D:1      | Reached skill level 1 in Stealth
   345 | D:1      | Reached XP level 2. HP: 25/25 MP: 1/1
   783 | D:2      | Found a runed translucent door.
   784 | D:2      | Noticed Crazy Yiuf
  1021 | D:2      | Noticed Sigmund
  1302 | D:2      | Reached XP level 3. HP: 31/31 MP: 2/2
  1427 | D:2      | Noticed Natasha
  1436 | D:2      | Killed Natasha
  1515 | D:2      | Killed Sigmund
  1516 | D:2      | Reached skill level 5 in Ranged Weapons
  1516 | D:2      | Reached XP level 4. HP: 21/40 MP: 3/3
  1516 | D:2      | Reached XP level 5. HP: 24/46 MP: 4/4
  1841 | D:2      | Noticed Natasha
  1844 | D:2      | Killed Natasha
  1872 | D:3      | Noticed Robin
  1881 | D:3      | Killed Robin
  1882 | D:3      | Reached XP level 6. HP: 52/53 MP: 5/5
  1902 | D:3      | Noticed Ijyb
  1918 | D:3      | Killed Ijyb
  2115 | D:3      | Identified the +2 short sword of Unpleasantness {flame,
                  | Str+7 Dex+2}
  2557 | D:4      | Noticed an ice beast
  2584 | D:4      | HP: 7/53 [orc/+0 falchion (5)]
  2584 | D:4      | HP: 3/53 [orc/+0 hand axe (4)]
  2923 | D:4      | Found a sparkling altar of Nemelex Xobeh.
  2942 | D:4      | Became a worshipper of Nemelex Xobeh the Trickster
  2964 | D:4      | Killed an ice beast
  2965 | D:4      | Reached skill level 5 in Fighting
  2965 | D:4      | Reached skill level 6 in Ranged Weapons
  2965 | D:4      | Reached XP level 7. HP: 52/61 MP: 6/6
  3419 | D:5      | Entered Level 5 of the Dungeon
  3437 | D:5      | Reached skill level 5 in Dodging
  3479 | D:5      | Found Comyfuor's Weapon Shop.
  3487 | D:5      | Identified the +1 falchion of Hepliaklqana, Smoking {vamp,
                  | rN+}
  3527 | D:5      | Reached * piety under Nemelex Xobeh
  3552 | D:5      | Found a staircase to the Ecumenical Temple.
  3586 | D:5      | Found Omeup's Neck Hole.
  3824 | D:5      | Found a shimmering altar of Xom.
  3824 | D:5      | Found a snail-covered altar of Cheibriados.
  3874 | D:5      | Received a gift from Nemelex Xobeh
  4201 | D:5      | HP: 11/62 [gnoll/+0 whip[a gnoll bouda] (5)]
  4202 | D:5      | HP: 5/62 [orc warrior/+0 war axe (7)]
  4203 | D:5      | HP: 2/62 [gnoll bouda/+0 whip (3)]
  4204 | D:5      | Slain by a gnoll bouda

Illustrated notes

Levels and vault maps discovered:
D:1:      psy_arrival_whirlpool, layout_basic
D:2:      layout_loops_corners, uniq_natasha, uniq_crazy_yiuf_cottage,
          uniq_sigmund
D:3:      layout_rooms, guppyfry_early_orc_mine, uniq_robin, uniq_ijyb
D:4:      layout_loops_ring, overflow_temple_1_default, minmay_distorted
D:5:      layout_rooms, gammafunk_temple_overflow_pools,
          minmay_temple_entry_mini_moons, serial_shops, shop,
          nicolae_shop_sticking_my_neck_out
D:6:      layout_basic, chequers_decorated_corner, minmay_misc_feat_more_columns

Skill      XL: |  1  2  3  4  5  6  7 |
---------------+----------------------+-----
Stealth        | 1 2 3 |  3.9
Fighting       | 3 4 5 |  5.8
Dodging        | 3 4 5 |  5.3
Ranged Weapons | 5 6 |  6.5

Action                     |  1- 3 |  4- 6 |  7- 9 || total
---------------------------+-------+-------+-------++-------
  Melee: Falchion          |       |       |     3 ||     3
   Fire: Shortbow          |   104 |   159 |    74 ||   337
    Use: Scroll            |     5 |     8 |     7 ||    20
         Potion            |       |     4 |       ||     4
 Armour: Leather armour    |    11 |    30 |     9 ||    50
  Dodge: Dodged            |    23 |    86 |    39 ||   148

Table legend: (Time is in decaauts)
 A = Elapsed time spent in this place.
 B = Non-inter-level travel time spent in this place.
 C = Inter-level travel time spent in this place.
 D = Time resting spent in this place.
 E = Time spent auto-exploring this place.
 F = Levels seen in this place.
 G = Mean time per level.
                   A        B        C        D        E       F      G
               +--------+--------+--------+--------+--------+-----+--------+
         Total |   4257 |   4059 |    198 |    262 |   3119 |   6 |  709.5 |
       Dungeon |   4257 |   4059 |    198 |    262 |   3119 |   6 |  709.5 |
               +--------+--------+--------+--------+--------+-----+--------+

Top non-repeatable levels by time:
     D:2: 1263 daAuts
     D:4: 871 daAuts
     D:5: 781 daAuts
     D:3: 714 daAuts
     D:1: 615 daAuts
     D:6: 10 daAuts

Levels and vault maps discovered:
D:1:      psy_arrival_whirlpool, layout_basic
D:2:      layout_loops_corners, uniq_natasha, uniq_crazy_yiuf_cottage,
          uniq_sigmund
D:3:      layout_rooms, guppyfry_early_orc_mine, uniq_robin, uniq_ijyb
D:4:      layout_loops_ring, overflow_temple_1_default, minmay_distorted
D:5:      layout_rooms, gammafunk_temple_overflow_pools,
          minmay_temple_entry_mini_moons, serial_shops, shop,
          nicolae_shop_sticking_my_neck_out
D:6:      layout_basic, chequers_decorated_corner, minmay_misc_feat_more_columns

Table legend: (Time is in decaauts)
 A = Elapsed time spent in this place.
 B = Non-inter-level travel time spent in this place.
 C = Inter-level travel time spent in this place.
 D = Time resting spent in this place.
 E = Time spent auto-exploring this place.
 F = Levels seen in this place.
 G = Mean time per level.
                   A        B        C        D        E       F      G
               +--------+--------+--------+--------+--------+-----+--------+
         Total |   4257 |   4059 |    198 |    262 |   3119 |   6 |  709.5 |
       Dungeon |   4257 |   4059 |    198 |    262 |   3119 |   6 |  709.5 |
               +--------+--------+--------+--------+--------+-----+--------+

Top non-repeatable levels by time:
     D:2: 1263 daAuts
     D:4: 871 daAuts
     D:5: 781 daAuts
     D:3: 714 daAuts
     D:1: 615 daAuts
     D:6: 10 daAuts

Table legend:
 A = Kills in this place as a percentage of kills in the entire game.
 B = Kills by you in this place as a percentage of kills by you in the entire game.
 C = Kills by friends in this place as a percentage of kills by friends in the entire game.
 D = Other kills in this place as a percentage of other kills in the entire game.
 E = Experience gained in this place as a percentage of experience gained in the entire game.
 F = Experience gained in this place divided by the number of levels of this place that you have seen.
                   A       B       C       D       E      F
               +-------+-------+-------+-------+-------+----------------------
         Total | 100.0 | 100.0 |   N/A |   N/A | 100.0 | 217.0
       Dungeon | 100.0 | 100.0 |   N/A |   N/A | 100.0 | 217.0
               +-------+-------+-------+-------+-------+----------------------
